 Dungeon Crawl Stone Soup version 0.24.0-125-gc4c63601f3 (webtiles) character file.

Game seed: 14113564370805621921, levelgen mode: deterministic

2391 ChadusMaximus the Cleaver (level 9, -1/79 HPs)
             Began as a Minotaur Berserker on Feb 19, 2020.
             Was an Elder of Trog.
             Slain by a bullfrog (4 damage)
             ... on level 8 of the Dungeon.
             The game lasted 00:07:58 (5726 turns).

ChadusMaximus the Cleaver (Minotaur Berserker)      Turns: 5726, Time: 00:07:58

Health: -1/79      AC:  7    Str: 26    XL:     9   Next: 22%
Magic:  8/8        EV: 11    Int:  4    God:    Trog [****..]
Gold:   239        SH: 10    Dex:  9    Spells: 8/8 levels left

rFire    . . .     SeeInvis .   u - +0 war axe
rCold    . . .     Gourm    .   H - +0 shield
rNeg     . . .     Faith    .   m - +0 ring mail
rPois    .         Spirit   .   (helmet restricted)
rElec    .         Reflect  .   (no cloak)
rCorr    .         Harm     .   (no gloves)
MR       .....                  G - +0 pair of boots
Stlth    +.........             d - amulet of magic regeneration
HPRegen  0.23/turn              (no ring)
MPRegen  0.36/turn              (no ring)

@: berserk cooldown, starving, slowed, very slow
A: retaliatory headbutt, horns 2
a: Berserk, Trog's Hand, Brothers in Arms, Renounce Religion


You were on level 8 of the Dungeon.
You worshipped Trog.
Trog was greatly pleased with you.
You were starving.

You visited 1 branch of the dungeon, and saw 8 of its levels.
You also visited: Ossuary.

You collected 239 gold pieces.

Inventory:

Hand Weapons
 a - a +0 hand axe
 u - a +0 war axe (weapon)
Armour
 b - a +0 animal skin
 m - a +0 ring mail (worn)
 y - a +0 large shield
 G - a +0 pair of boots (worn)
 H - a +0 shield (worn)
Jewellery
 d - an amulet of magic regeneration (around neck)
 q - an uncursed ring of protection from fire {unknown}
 v - an uncursed ring of resist corrosion {unknown}
 x - an uncursed ring of resist corrosion {unknown}
 z - an uncursed ring of positive energy {unknown}
 C - an uncursed ring of resist corrosion {unknown}
Wands
 E - a wand of disintegration (20)
Scrolls
 e - a scroll of random uselessness {unknown}
 g - a scroll of enchant armour {unknown}
 j - 3 scrolls of teleportation {unknown}
 k - a scroll of fear {unknown}
 l - 8 scrolls of remove curse {unknown}
 n - 2 scrolls of enchant weapon {unknown}
 o - 12 scrolls of identify {unknown}
 p - 4 scrolls of noise {unknown}
 r - 4 scrolls of amnesia {unknown}
 t - a scroll of holy word {unknown}
 D - 2 scrolls of magic mapping {unknown}
Potions
 f - 5 potions of curing {unknown}
 h - 4 potions of lignification {unknown}
 i - 2 potions of brilliance {unknown}
 s - 3 potions of degeneration {unknown}
 w - a potion of berserk rage {unknown}
 A - 2 potions of magic {unknown}
 B - a potion of mutation {unknown}
 F - 2 potions of heal wounds
 I - a potion of cancellation {unknown}
Comestibles
 c - 8 rations


   Skills:
 + Level 7.6 Fighting
 + Level 9.5 Axes
 + Level 6.5 Armour
 + Level 5.3 Dodging
 + Level 2.0 Stealth
 + Level 4.4 Shields


You had 8 spell levels left.
You didn't know any spells.
Your spell library was empty.

Dungeon Overview and Level Annotations

Branches:
Dungeon (8/15)             Temple (0/1) D:5         Ossuary (visited)
   Lair: D:8-11

Altars:
Ashenzari
Dithmenos
Fedhas
Ru
Sif Muna
Vehumet
Xom
Zin

Shops:
D:4 *[

Annotations:
D:7 Harold


Innate Abilities, Weirdness & Mutations

You reflexively headbutt those who attack you in melee.
You have a pair of horns on your head.


Message History

You barely miss the bullfrog. Your headbutt misses the bullfrog.
The bullfrog is heavily wounded.
The bullfrog hits you.
* * * LOW HITPOINT WARNING * * *
The bullfrog hits you.
* * * LOW HITPOINT WARNING * * *
The bullfrog closely misses you. You furiously retaliate!
You headbutt the bullfrog. You closely miss the bullfrog.
Your headbutt misses the bullfrog.
The bullfrog is severely wounded.
The bullfrog misses you. You block the bullfrog's attack.
Your shield prevents you from hitting the bullfrog.
The bullfrog is severely wounded.
The bullfrog hits you.
* * * LOW HITPOINT WARNING * * *
The bullfrog closely misses you. You block the bullfrog's attack.
You barely miss the bullfrog.
The bullfrog is severely wounded.
You block the bullfrog's attack. The bullfrog hits you.
You die...

### ..### #<..#
###
#####...##(..
......F...#
.......@..#
###.....>.....#
##....#####.#
......#
###.#### .. #.
..


You could see a bullfrog.

Vanquished Creatures
  A troll (D:6)
  A hippogriff (D:6)
  An ice beast (D:5)
  2 ogres
  4 phantoms
  A sky beast (D:6)
  A hornet zombie (D:5)
  2 bullfrogs (D:6)
  3 scorpions
  A howler monkey (D:6)
  5 orc wizards (D:6)
  4 hounds
  2 jellies
  An orc priest (D:6)
  2 bullfrog skeletons (D:6)
  2 iguanas (D:4)
  6 worker ants
  A big kobold zombie (Ossuary)
  A hound zombie (Ossuary)
  4 mummies (Ossuary)
  A gnoll (D:1)
  5 adders
  A howler monkey skeleton (D:5)
  3 worms
  2 dart slugs
  5 leopard geckos
  15 orcs
  10 bats
  2 giant cockroaches
  3 gnoll zombies (Ossuary)
  3 goblins
  7 hobgoblins
  9 jackals
  5 kobolds
  A quokka (D:3)
  3 ball pythons
  3 frilled lizards
  3 goblin zombies
  A hobgoblin zombie (Ossuary)
  3 jackal zombies (Ossuary)
  2 orc zombies (Ossuary)
  4 quokka skeletons
  11 rats
147 creatures vanquished.

Notes
Turn   | Place    | Note
-------+----------+-------------------------------------------
     0 | D:1      | ChadusMaximus the Minotaur Berserker began the quest for
                  | the Orb.
     0 | D:1      | Reached XP level 1. HP: 19/19 MP: 0/0
    74 | D:1      | Reached XP level 2. HP: 16/27 MP: 1/1
   201 | D:1      | Reached skill level 4 in Axes
   458 | D:1      | Reached XP level 3. HP: 33/33 MP: 2/2
   845 | D:2      | Reached ** piety under Trog
   946 | D:2      | Found a blossoming altar of Fedhas.
  1058 | D:2      | Found a radiant altar of Vehumet.
  1223 | D:2      | Found a shadowy altar of Dithmenos.
  1315 | D:3      | Reached XP level 4. HP: 35/41 MP: 3/3
  1914 | D:4      | Found Waife's Antique Armour Emporium.
  1918 | D:4      | Reached skill level 5 in Axes
  1983 | D:4      | Reached skill level 5 in Fighting
  1987 | D:4      | Reached XP level 5. HP: 44/48 MP: 4/4
  2145 | D:4      | Found a sacrificial altar of Ru.
  2221 | D:4      | Reached XP level 6. HP: 49/56 MP: 5/5
  2381 | D:4      | Reached skill level 6 in Axes
  2381 | D:4      | Reached skill level 1 in Stealth
  2424 | D:4      | Found Umaguurph's Lightly-Used Armoury.
  2605 | D:5      | Entered Level 5 of the Dungeon
  2631 | D:5      | Noticed an ice beast
  2632 | D:5      | Reached *** piety under Trog
  2638 | D:5      | Killed an ice beast
  2933 | D:5      | Reached XP level 7. HP: 38/62 MP: 6/6
  3036 | D:5      | Reached skill level 7 in Axes
  3036 | D:5      | Reached skill level 5 in Armour
  3214 | D:5      | Found a staircase to the Ecumenical Temple.
  3700 | D:6      | Found a glowing silver altar of Zin.
  4104 | D:6      | Reached skill level 8 in Axes
  4104 | D:6      | Reached XP level 8. HP: 50/71 MP: 7/7
  4133 | D:6      | Reached skill level 1 in Shields
  4302 | D:6      | Noticed a hippogriff
  4308 | D:6      | Killed a hippogriff
  4526 | D:6      | Reached skill level 5 in Dodging
  5074 | D:6      | Reached **** piety under Trog
  5074 | D:6      | Reached skill level 9 in Axes
  5080 | D:6      | Found a shimmering blue altar of Sif Muna.
  5141 | D:6      | Found a shimmering altar of Xom.
  5156 | D:6      | Found a shattered altar of Ashenzari.
  5180 | D:6      | Reached XP level 9. HP: 66/79 MP: 8/8
  5212 | D:6      | Noticed a troll
  5217 | D:6      | Killed a troll
  5461 | D:7      | Found a sand-covered staircase.
  5474 | Ossuary  | Entered an ossuary
  5702 | D:7      | Noticed Harold
  5725 | D:8      | HP: 3/79 [bullfrog (5)]
  5726 | D:8      | Slain by a bullfrog

Levels and vault maps discovered:
D:1:      lightli_molten_gateway, layout_loops_cross
D:2:      layout_basic, nicolae_dithmenos_shadow_blocks, fedhas_altar_4,
          vehumet_crystals
D:3:      layout_loops_ring
D:4:      layout_basic, nicolae_ru_path_of_blood, serial_shops, shop_fountains,
          minmay_shop_damaged
D:5:      layout_loops_corners, minmay_temple_entry_drinking_statues,
          first_ration, kennysheep_cross_bottleneck
D:6:      kennysheep_windowed_halls, layout_basic, lemuel_crystal_altar,
          kennysheep_mini_moat, tgw_sif, cheibrodos_ashenzari_chains
D:7:      layout_basic, enter_ossuary_4, uniq_harold
D:8:      layout_loops_ring, due_lair_maze_entry_diamond, uniq_joseph,
          uniq_erica

Skill      XL: |  1  2  3  4  5  6  7  8  9 |
---------------+----------------------------+-----
Axes           | 4 5 6 8 9 |  9.5
Fighting       | 4 5 6 7 |  7.6
Armour         | 3 4 5 6 |  6.5
Dodging        | 3 5 |  5.3
Stealth        | 1 2 |  2.0
Shields        | 3 4 |  4.4

Action                   |  1- 3 |  4- 6 |  7- 9 || total
-------------------------+-------+-------+-------++-------
Melee: Hand axe          |    79 |    37 |       ||   116
       Headbutt          |    16 |    16 |    37 ||    69
       War axe           |       |    39 |   198 ||   237
Invok: Berserk           |       |     2 |     6 ||     8
       Trog's Hand       |       |     1 |     2 ||     3
  Eat: Chunk             |     1 |     8 |     9 ||    18
       Ration            |       |       |     1 ||     1
Armor: Animal skin       |     8 |       |       ||     8
       Ring mail         |    16 |    19 |    66 ||   101
Dodge: Dodged            |    64 |    42 |    66 ||   172
Block: Large shield      |       |       |   111 ||   111
       Shield            |       |       |    11 ||    11
